Unix NetHack Version 3.7.0-64 Work-in-progress - last build Sep 20 2022 13:51:49 (2efdc47de06bbc12dbc956ebf73d51181633095d,branch:master).

Game began 2022-09-22 14:40:04, ended 2022-09-23 13:48:20.

rustyspoon, lawful male human Valkyrie

  
unexplored area
unexplored area
unexplored area
unexplored area
unexplored area
unexplored area
unexplored area
unexplored area
unexplored area
unexplored area
unexplored area
unexplored area
unexplored area
unexplored area
unexplored area
unexplored area
unexplored area
unexplored area
unexplored area
unexplored area
unexplored area
unexplored area
unexplored area
unexplored area
unexplored area
unexplored area
unexplored area
unexplored area
unexplored area
unexplored area
unexplored area
unexplored area
unexplored area
unexplored area
unexplored area
unexplored area
unexplored area
unexplored area
unexplored area
unexplored area
unexplored area
unexplored area
unexplored area
unexplored area
unexplored area
unexplored area
unexplored area
unexplored area
unexplored area
unexplored area
unexplored area
unexplored area
unexplored area
unexplored area
unexplored area
unexplored area
unexplored area
unexplored area
unexplored area
unexplored area
unexplored area
unexplored area
unexplored area
unexplored area
unexplored area
unexplored area
unexplored area
unexplored area
unexplored area
unexplored area
unexplored area
unexplored area
unexplored area
unexplored area
unexplored area
unexplored area
unexplored area
unexplored area
unexplored area
unexplored area
unexplored area
unexplored area
unexplored area
unexplored area
unexplored area
unexplored area
unexplored area
unexplored area
unexplored area
unexplored area
unexplored area
unexplored area
unexplored area
unexplored area
unexplored area
unexplored area
unexplored area
unexplored area
unexplored area
unexplored area
unexplored area
unexplored area
unexplored area
unexplored area
unexplored area
unexplored area
unexplored area
unexplored area
unexplored area
unexplored area
unexplored area
unexplored area
unexplored area
unexplored area
unexplored area
unexplored area
unexplored area
unexplored area
unexplored area
unexplored area
unexplored area
unexplored area
unexplored area
unexplored area
unexplored area
unexplored area
wall
wall
wall
wall
wall
unexplored area
unexplored area
unexplored area
unexplored area
unexplored area
unexplored area
unexplored area
unexplored area
unexplored area
unexplored area
unexplored area
unexplored area
unexplored area
unexplored area
unexplored area
unexplored area
unexplored area
unexplored area
unexplored area
unexplored area
unexplored area
unexplored area
unexplored area
unexplored area
unexplored area
unexplored area
unexplored area
unexplored area
unexplored area
unexplored area
unexplored area
unexplored area
unexplored area
unexplored area
unexplored area
unexplored area
unexplored area
unexplored area
unexplored area
unexplored area
unexplored area
unexplored area
unexplored area
unexplored area
unexplored area
unexplored area
unexplored area
unexplored area
unexplored area
unexplored area
unexplored area
unexplored area
unexplored area
unexplored area
unexplored area
unexplored area
unexplored area
unexplored area
unexplored area
unexplored area
unexplored area
unexplored area
unexplored area
unexplored area
unexplored area
unexplored area
unexplored area
unexplored area
unexplored area
unexplored area
unexplored area
unexplored area
unexplored area
.dark part of a room
.dark part of a room
.dark part of a room
.dark part of a room
.dark part of a room
.dark part of a room
.dark part of a room
.dark part of a room
unexplored area
unexplored area
unexplored area
unexplored area
unexplored area
unexplored area
unexplored area
unexplored area
unexplored area
unexplored area
unexplored area
unexplored area
unexplored area
unexplored area
unexplored area
unexplored area
unexplored area
unexplored area
unexplored area
unexplored area
unexplored area
unexplored area
unexplored area
unexplored area
unexplored area
unexplored area
unexplored area
unexplored area
unexplored area
unexplored area
unexplored area
unexplored area
unexplored area
unexplored area
unexplored area
unexplored area
unexplored area
unexplored area
unexplored area
unexplored area
unexplored area
unexplored area
unexplored area
unexplored area
unexplored area
unexplored area
unexplored area
unexplored area
unexplored area
unexplored area
unexplored area
unexplored area
unexplored area
unexplored area
unexplored area
unexplored area
unexplored area
unexplored area
unexplored area
unexplored area
unexplored area
unexplored area
unexplored area
unexplored area
unexplored area
unexplored area
unexplored area
unexplored area
unexplored area
unexplored area
.dark part of a room
.dark part of a room
.dark part of a room
.dark part of a room
.dark part of a room
.dark part of a room
.dark part of a room
.dark part of a room
.dark part of a room
.dark part of a room
.dark part of a room
unexplored area
unexplored area
unexplored area
unexplored area
unexplored area
unexplored area
unexplored area
unexplored area
unexplored area
unexplored area
unexplored area
unexplored area
unexplored area
unexplored area
unexplored area
unexplored area
unexplored area
unexplored area
unexplored area
unexplored area
unexplored area
unexplored area
unexplored area
unexplored area
unexplored area
unexplored area
unexplored area
unexplored area
unexplored area
unexplored area
unexplored area
unexplored area
unexplored area
unexplored area
unexplored area
unexplored area
unexplored area
unexplored area
unexplored area
unexplored area
unexplored area
unexplored area
unexplored area
unexplored area
unexplored area
unexplored area
unexplored area
unexplored area
unexplored area
unexplored area
unexplored area
unexplored area
unexplored area
unexplored area
unexplored area
unexplored area
unexplored area
unexplored area
unexplored area
unexplored area
unexplored area
unexplored area
unexplored area
unexplored area
unexplored area
unexplored area
unexplored area
unexplored area
.dark part of a room
.dark part of a room
.dark part of a room
.dark part of a room
.dark part of a room
.dark part of a room
.dark part of a room
.dark part of a room
.dark part of a room
.dark part of a room
.dark part of a room
.dark part of a room
unexplored area
unexplored area
unexplored area
unexplored area
unexplored area
unexplored area
unexplored area
unexplored area
unexplored area
unexplored area
unexplored area
unexplored area
unexplored area
unexplored area
unexplored area
unexplored area
unexplored area
unexplored area
unexplored area
unexplored area
unexplored area
unexplored area
unexplored area
unexplored area
unexplored area
unexplored area
unexplored area
unexplored area
unexplored area
unexplored area
unexplored area
unexplored area
unexplored area
unexplored area
unexplored area
unexplored area
unexplored area
unexplored area
unexplored area
unexplored area
unexplored area
unexplored area
unexplored area
unexplored area
unexplored area
unexplored area
unexplored area
unexplored area
unexplored area
unexplored area
unexplored area
unexplored area
unexplored area
unexplored area
unexplored area
unexplored area
unexplored area
unexplored area
unexplored area
unexplored area
unexplored area
unexplored area
unexplored area
unexplored area
unexplored area
unexplored area
unexplored area
wall
.dark part of a room
.dark part of a room
.dark part of a room
.dark part of a room
%a stalker corpse
.dark part of a room
.dark part of a room
.dark part of a room
.dark part of a room
.dark part of a room
.dark part of a room
.dark part of a room
unexplored area
unexplored area
unexplored area
unexplored area
unexplored area
unexplored area
unexplored area
unexplored area
unexplored area
unexplored area
unexplored area
unexplored area
unexplored area
unexplored area
unexplored area
unexplored area
unexplored area
unexplored area
unexplored area
unexplored area
unexplored area
unexplored area
unexplored area
unexplored area
unexplored area
unexplored area
unexplored area
unexplored area
unexplored area
unexplored area
unexplored area
unexplored area
unexplored area
unexplored area
unexplored area
unexplored area
unexplored area
unexplored area
unexplored area
unexplored area
unexplored area
unexplored area
unexplored area
unexplored area
unexplored area
unexplored area
unexplored area
unexplored area
unexplored area
unexplored area
unexplored area
unexplored area
unexplored area
unexplored area
unexplored area
unexplored area
unexplored area
unexplored area
unexplored area
unexplored area
unexplored area
unexplored area
unexplored area
unexplored area
unexplored area
unexplored area
wall
.dark part of a room
.dark part of a room
.dark part of a room
.dark part of a room
.dark part of a room
.dark part of a room
%Pestilence's corpse
%a yellow dragon corpse
.dark part of a room
.dark part of a room
.dark part of a room
.dark part of a room
unexplored area
unexplored area
unexplored area
unexplored area
wall
wall
wall
wall
unexplored area
unexplored area
unexplored area
unexplored area
unexplored area
unexplored area
unexplored area
unexplored area
unexplored area
unexplored area
unexplored area
unexplored area
unexplored area
unexplored area
unexplored area
unexplored area
unexplored area
unexplored area
unexplored area
unexplored area
unexplored area
unexplored area
unexplored area
unexplored area
unexplored area
unexplored area
unexplored area
unexplored area
unexplored area
unexplored area
unexplored area
unexplored area
unexplored area
unexplored area
unexplored area
unexplored area
unexplored area
unexplored area
unexplored area
unexplored area
unexplored area
unexplored area
unexplored area
unexplored area
unexplored area
unexplored area
unexplored area
unexplored area
unexplored area
unexplored area
unexplored area
unexplored area
unexplored area
unexplored area
unexplored area
unexplored area
unexplored area
unexplored area
wall
wall
wall
wall
wall
wall
wall
)a knife
.dark part of a room
.dark part of a room
wall
unexplored area
unexplored area
unexplored area
unexplored area
unexplored area
unexplored area
wall
.dark part of a room
.dark part of a room
unexplored area
unexplored area
unexplored area
unexplored area
Apeaceful Angel of Tyr
unexplored area
unexplored area
unexplored area
unexplored area
unexplored area
unexplored area
unexplored area
unexplored area
unexplored area
unexplored area
unexplored area
unexplored area
unexplored area
unexplored area
unexplored area
unexplored area
unexplored area
unexplored area
unexplored area
unexplored area
unexplored area
unexplored area
unexplored area
unexplored area
unexplored area
unexplored area
unexplored area
unexplored area
unexplored area
unexplored area
unexplored area
unexplored area
unexplored area
unexplored area
unexplored area
unexplored area
unexplored area
unexplored area
unexplored area
unexplored area
unexplored area
unexplored area
unexplored area
unexplored area
unexplored area
unexplored area
unexplored area
unexplored area
unexplored area
unexplored area
unexplored area
unexplored area
unexplored area
unexplored area
unexplored area
unexplored area
unexplored area
unexplored area
unexplored area
unexplored area
wall
wall
)a throwing star
wall
wall
unexplored area
unexplored area
unexplored area
unexplored area
unexplored area
wall
wall
.dark part of a room
.dark part of a room
wall
wall
wall
wall
wall
wall
wall
wall
wall
unexplored area
unexplored area
unexplored area
unexplored area
unexplored area
unexplored area
unexplored area
unexplored area
unexplored area
unexplored area
unexplored area
unexplored area
unexplored area
unexplored area
unexplored area
unexplored area
unexplored area
unexplored area
unexplored area
unexplored area
unexplored area
unexplored area
unexplored area
unexplored area
unexplored area
unexplored area
unexplored area
unexplored area
unexplored area
unexplored area
unexplored area
unexplored area
unexplored area
unexplored area
unexplored area
unexplored area
unexplored area
unexplored area
unexplored area
unexplored area
unexplored area
unexplored area
unexplored area
unexplored area
unexplored area
unexplored area
unexplored area
unexplored area
unexplored area
unexplored area
unexplored area
unexplored area
unexplored area
unexplored area
unexplored area
unexplored area
.dark part of a room
.dark part of a room
%a soldier ant corpse
.dark part of a room
.dark part of a room
unexplored area
unexplored area
unexplored area
unexplored area
wall
wall
.dark part of a room
.dark part of a room
.dark part of a room
wall
.floor of a room
)a mace
.floor of a room
.floor of a room
.floor of a room
.floor of a room
.floor of a room
wall
unexplored area
unexplored area
unexplored area
unexplored area
unexplored area
unexplored area
unexplored area
unexplored area
unexplored area
unexplored area
unexplored area
unexplored area
unexplored area
unexplored area
unexplored area
unexplored area
unexplored area
unexplored area
unexplored area
unexplored area
unexplored area
unexplored area
unexplored area
unexplored area
unexplored area
unexplored area
unexplored area
unexplored area
unexplored area
unexplored area
unexplored area
unexplored area
unexplored area
unexplored area
unexplored area
unexplored area
unexplored area
unexplored area
unexplored area
unexplored area
unexplored area
unexplored area
unexplored area
unexplored area
unexplored area
unexplored area
unexplored area
unexplored area
unexplored area
unexplored area
unexplored area
unexplored area
unexplored area
unexplored area
.dark part of a room
.dark part of a room
.dark part of a room
.dark part of a room
.dark part of a room
.dark part of a room
.dark part of a room
.dark part of a room
.dark part of a room
unexplored area
wall
wall
4unknown creature causing you alarm
.dark part of a room
.dark part of a room
.dark part of a room
wall
@lieutenant
.floor of a room
.floor of a room
.floor of a room
.floor of a room
.floor of a room
.floor of a room
wall
unexplored area
unexplored area
unexplored area
unexplored area
unexplored area
unexplored area
unexplored area
unexplored area
unexplored area
unexplored area
unexplored area
unexplored area
unexplored area
unexplored area
unexplored area
unexplored area
unexplored area
unexplored area
unexplored area
unexplored area
unexplored area
unexplored area
unexplored area
unexplored area
unexplored area
unexplored area
unexplored area
unexplored area
unexplored area
unexplored area
unexplored area
unexplored area
unexplored area
unexplored area
unexplored area
unexplored area
unexplored area
unexplored area
unexplored area
unexplored area
unexplored area
unexplored area
unexplored area
unexplored area
unexplored area
unexplored area
unexplored area
unexplored area
unexplored area
unexplored area
unexplored area
unexplored area
unexplored area
unexplored area
unexplored area
.dark part of a room
.dark part of a room
.dark part of a room
.dark part of a room
.dark part of a room
.dark part of a room
.dark part of a room
.dark part of a room
.dark part of a room
@priest of Odin
Ainvisible Angel of Odin
.floor of a room
.floor of a room
@invisible barbarian called Bill the Raider
.floor of a room
-open door
AAngel of Odin
.floor of a room
@valkyrie called Janet the Warrior
@invisible human valkyrie called rustyspoon
.floor of a room
.floor of a room
.floor of a room
wall
unexplored area
unexplored area
unexplored area
unexplored area
unexplored area
unexplored area
unexplored area
unexplored area
unexplored area
unexplored area
unexplored area
unexplored area
unexplored area
unexplored area
unexplored area
unexplored area
unexplored area
unexplored area
unexplored area
unexplored area
unexplored area
unexplored area
unexplored area
unexplored area
unexplored area
unexplored area
unexplored area
unexplored area
unexplored area
unexplored area
unexplored area
unexplored area
unexplored area
unexplored area
unexplored area
unexplored area
unexplored area
unexplored area
unexplored area
unexplored area
unexplored area
unexplored area
unexplored area
unexplored area
unexplored area
unexplored area
unexplored area
unexplored area
unexplored area
unexplored area
unexplored area
unexplored area
unexplored area
unexplored area
unexplored area
unexplored area
.dark part of a room
.dark part of a room
.dark part of a room
.dark part of a room
.dark part of a room
.dark part of a room
unexplored area
unexplored area
wall
wall
4unknown creature causing you alarm
.dark part of a room
.dark part of a room
.dark part of a room
wall
.floor of a room
.floor of a room
.floor of a room
.floor of a room
.floor of a room
.floor of a room
.floor of a room
wall
unexplored area
unexplored area
unexplored area
unexplored area
unexplored area
unexplored area
unexplored area
unexplored area
unexplored area
unexplored area
unexplored area
unexplored area
unexplored area
unexplored area
unexplored area
unexplored area
unexplored area
unexplored area
unexplored area
unexplored area
unexplored area
unexplored area
unexplored area
unexplored area
unexplored area
unexplored area
unexplored area
unexplored area
unexplored area
unexplored area
unexplored area
unexplored area
unexplored area
unexplored area
unexplored area
unexplored area
unexplored area
unexplored area
unexplored area
unexplored area
unexplored area
unexplored area
unexplored area
unexplored area
unexplored area
unexplored area
unexplored area
unexplored area
unexplored area
unexplored area
unexplored area
unexplored area
unexplored area
unexplored area
unexplored area
unexplored area
unexplored area
unexplored area
unexplored area
unexplored area
unexplored area
unexplored area
unexplored area
unexplored area
unexplored area
wall
wall
AAngel of Loki
.dark part of a room
.dark part of a room
wall
.floor of a room
.floor of a room
.floor of a room
.floor of a room
.floor of a room
.floor of a room
.floor of a room
wall
unexplored area
unexplored area
unexplored area
unexplored area
unexplored area
unexplored area
unexplored area
unexplored area
unexplored area
unexplored area
unexplored area
unexplored area
unexplored area
unexplored area
unexplored area
unexplored area
unexplored area
unexplored area
unexplored area
unexplored area
unexplored area
unexplored area
unexplored area
unexplored area
unexplored area
unexplored area
unexplored area
unexplored area
unexplored area
unexplored area
unexplored area
unexplored area
unexplored area
unexplored area
unexplored area
unexplored area
unexplored area
unexplored area
unexplored area
unexplored area
unexplored area
unexplored area
unexplored area
unexplored area
unexplored area
unexplored area
unexplored area
unexplored area
unexplored area
unexplored area
unexplored area
unexplored area
unexplored area
unexplored area
unexplored area
unexplored area
unexplored area
unexplored area
unexplored area
unexplored area
unexplored area
unexplored area
unexplored area
unexplored area
unexplored area
unexplored area
wall
wall
.dark part of a room
.dark part of a room
wall
wall
wall
wall
wall
wall
wall
wall
wall
unexplored area
unexplored area
unexplored area
unexplored area
unexplored area
unexplored area
unexplored area
unexplored area
unexplored area
unexplored area
unexplored area
unexplored area
unexplored area
unexplored area
unexplored area
unexplored area
unexplored area
unexplored area
unexplored area
unexplored area
unexplored area
unexplored area
unexplored area
unexplored area
unexplored area
unexplored area
unexplored area
unexplored area
unexplored area
unexplored area
unexplored area
unexplored area
unexplored area
unexplored area
unexplored area
unexplored area
unexplored area
unexplored area
unexplored area
unexplored area
unexplored area
unexplored area
unexplored area
unexplored area
unexplored area
unexplored area
unexplored area
unexplored area
unexplored area
unexplored area
unexplored area
unexplored area
unexplored area
unexplored area
unexplored area
unexplored area
unexplored area
unexplored area
unexplored area
unexplored area
unexplored area
unexplored area
unexplored area
unexplored area
unexplored area
unexplored area
unexplored area
wall
.dark part of a room
.dark part of a room
unexplored area
unexplored area
unexplored area
unexplored area
unexplored area
unexplored area
unexplored area
AAngel of Loki
unexplored area
unexplored area
unexplored area
unexplored area
unexplored area
unexplored area
unexplored area
unexplored area
unexplored area
unexplored area
unexplored area
unexplored area
unexplored area
unexplored area
unexplored area
unexplored area
unexplored area
unexplored area
unexplored area
unexplored area
unexplored area
unexplored area
unexplored area
unexplored area
unexplored area
unexplored area
unexplored area
unexplored area
unexplored area
unexplored area
unexplored area
unexplored area
unexplored area
unexplored area
unexplored area
unexplored area
unexplored area
unexplored area
unexplored area
unexplored area
unexplored area
unexplored area
unexplored area
unexplored area
unexplored area
unexplored area
unexplored area
unexplored area
unexplored area
unexplored area
unexplored area
unexplored area
unexplored area
unexplored area
unexplored area
unexplored area
unexplored area
unexplored area
unexplored area
unexplored area
unexplored area
unexplored area
unexplored area
unexplored area
unexplored area
unexplored area
unexplored area
unexplored area
wall
wall
wall
wall
unexplored area
unexplored area
unexplored area
unexplored area
unexplored area
unexplored area
unexplored area
unexplored area
unexplored area
unexplored area
unexplored area
unexplored area
unexplored area
unexplored area
unexplored area
unexplored area
unexplored area
unexplored area
unexplored area
unexplored area
unexplored area
unexplored area
unexplored area
unexplored area
unexplored area
unexplored area
unexplored area
unexplored area
unexplored area
unexplored area
unexplored area
unexplored area
unexplored area
unexplored area
unexplored area
unexplored area
unexplored area
unexplored area
unexplored area
unexplored area
unexplored area
unexplored area
unexplored area
unexplored area
unexplored area
unexplored area
unexplored area
unexplored area
unexplored area
unexplored area
unexplored area
unexplored area
unexplored area
unexplored area
unexplored area
unexplored area
unexplored area
unexplored area
unexplored area
unexplored area
unexplored area
unexplored area
unexplored area
unexplored area
unexplored area
unexplored area
unexplored area
unexplored area
unexplored area
unexplored area
unexplored area
unexplored area
unexplored area
unexplored area
unexplored area
unexplored area
unexplored area
unexplored area
unexplored area
unexplored area
unexplored area
unexplored area
unexplored area
unexplored area
unexplored area
unexplored area
unexplored area
unexplored area
unexplored area
unexplored area
unexplored area
unexplored area
unexplored area
unexplored area
unexplored area
unexplored area
unexplored area
unexplored area
unexplored area
unexplored area
unexplored area
unexplored area
unexplored area
unexplored area
unexplored area
unexplored area
unexplored area
unexplored area
unexplored area
unexplored area
unexplored area
unexplored area
unexplored area
unexplored area
unexplored area
unexplored area
unexplored area
unexplored area
unexplored area
unexplored area
unexplored area
unexplored area
unexplored area
unexplored area
unexplored area
unexplored area
unexplored area
unexplored area
unexplored area
unexplored area
unexplored area
unexplored area
unexplored area
unexplored area
unexplored area
unexplored area
unexplored area
unexplored area
unexplored area
unexplored area
unexplored area
unexplored area
unexplored area
unexplored area
unexplored area
unexplored area
unexplored area
unexplored area
unexplored area
unexplored area
unexplored area
unexplored area
unexplored area
unexplored area
unexplored area
unexplored area
unexplored area
unexplored area
unexplored area
unexplored area
unexplored area
unexplored area
unexplored area
unexplored area
unexplored area
unexplored area
unexplored area
unexplored area
unexplored area
unexplored area
unexplored area
unexplored area
unexplored area
unexplored area
unexplored area
unexplored area
unexplored area
unexplored area
unexplored area
unexplored area
unexplored area
unexplored area
unexplored area
unexplored area
unexplored area
unexplored area
unexplored area
unexplored area
unexplored area
unexplored area
unexplored area
unexplored area
unexplored area
unexplored area
unexplored area
unexplored area
unexplored area
unexplored area
unexplored area
unexplored area
unexplored area
unexplored area
unexplored area
unexplored area
unexplored area
unexplored area
unexplored area
unexplored area
unexplored area
unexplored area
unexplored area
unexplored area
unexplored area
unexplored area
unexplored area
unexplored area
unexplored area
unexplored area
unexplored area
unexplored area
unexplored area
unexplored area
unexplored area
unexplored area
unexplored area
unexplored area
unexplored area
unexplored area
unexplored area
unexplored area
unexplored area
unexplored area
unexplored area
unexplored area
unexplored area
unexplored area
unexplored area
unexplored area
unexplored area
unexplored area
unexplored area
unexplored area
unexplored area
unexplored area
unexplored area
unexplored area
unexplored area
unexplored area
unexplored area
unexplored area
unexplored area
unexplored area
unexplored area
unexplored area
unexplored area
unexplored area
unexplored area
unexplored area
unexplored area
unexplored area
unexplored area
unexplored area
unexplored area
unexplored area
unexplored area
unexplored area
unexplored area
unexplored area
unexplored area
unexplored area
unexplored area
unexplored area
unexplored area
unexplored area
unexplored area
unexplored area
unexplored area
unexplored area
unexplored area
unexplored area
unexplored area
unexplored area
unexplored area
unexplored area
unexplored area
unexplored area
unexplored area
unexplored area
unexplored area
unexplored area
unexplored area
unexplored area
unexplored area
unexplored area
unexplored area
unexplored area
unexplored area
unexplored area
unexplored area
unexplored area
unexplored area
unexplored area
unexplored area
unexplored area
unexplored area
unexplored area
unexplored area
unexplored area
unexplored area
unexplored area
unexplored area
unexplored area
unexplored area
unexplored area
unexplored area
unexplored area
unexplored area
unexplored area
unexplored area
unexplored area
unexplored area
unexplored area
unexplored area
unexplored area
unexplored area
unexplored area
unexplored area
unexplored area
unexplored area
[Rustyspoon the Warrior ] St:25 Dx:17 Co:18 In:10 Wi:17 Ch:8 Lawful Astral Plane $:0 HP:352(352) Pw:34(34) AC:-38 Xp:16 T:34686 Satiated

Latest messages:

You hear a chugging sound.
The blast of lightning hits the Angel of Moloch.
Your arm tingles.
The magic missile hits the renegade priest of Tyr!
"I've met smarter (and prettier) acid blobs."
You hear a distant zap.
The magic missile hits the priestess of Moloch.
The magic missile hits the priestess of Moloch!
You hear a chugging sound.
The knight turns into a wizard!
Pestilence moves the soldier ant out of the way!
Crash!
The magic missile hits Bill the invisible Raider!
What do you want to use or apply? [bcfi-kps-uxzJOQ or ?*]
You can see again.
Bill the invisible Raider zaps a wand of death!
The death ray whizzes by you!
The death ray hits the invisible Angel of Odin.
But it reflects from the invisible Angel of Odin's shield!
Janet the Warrior drinks a potion of gain level!
Janet the Warrior seems more experienced.
"This time I shall let thee off with a spanking, but let it not happen again."
The lieutenant wields a broadsword!
The broadsword welds itself to the lieutenant's hand!
You hear a nearby zap.
The renegade priest of Tyr is killed by the death ray!
The priestess of Tyr is killed by the death ray!
The death ray bounces!
Janet the Warrior drinks a potion of gain level!
Janet the Warrior seems more experienced.
The lieutenant picks up a mace.
The lieutenant picks up a scroll of create monster.
The lieutenant picks up a robe.
"I should fart in thy direction, but it might improve thy smell!"
Janet the Warrior wields a mace named Demonbane!
Your candelabrum's candles are getting short.
Bill the invisible Raider zaps a wand of death!
The death ray misses the Angel of Odin.
The high priestess of Tyr is killed by the death ray!
You hear a door open.
There is a high altar to Tyr (lawful) here.
There are several objects here.
There is a high priestess corpse here; sacrifice it? [ynq] (n)
What do you want to sacrifice? [v or ?*]
You offer the Amulet of Yendor to Tyr...
An invisible choir sings, and you are bathed in radiance...
The voice of Tyr thunders: "Mortal, thou hast done well!"
"In return for thy service, I grant thee the gift of Immortality!"
You ascend to the status of Demigod...
Do you want your possessions identified? [ynq] (y)

Inventory:

Amulets

m - an uncursed amulet of life saving
Y - a blessed amulet of reflection (being worn)

Weapons

a - the blessed rustproof +6 Excalibur (wielded in right hand)
w - a blessed +6 silver saber (wielded in left hand)

Armor

A - an uncursed greased fireproof +5 T-shirt with text "I'm not wearing any pants" (being worn)
B - a blessed greased +5 gray dragon scale mail (being worn)
C - a blessed fireproof +4 oilskin cloak (being worn)
D - a blessed fireproof +4 pair of speed boots (being worn)
E - a blessed greased +4 pair of gauntlets of power (being worn)
F - a blessed rustproof +5 helm of telepathy (being worn)

Comestibles

L - an uncursed lizard corpse named MCD

Spellbooks

f - the uncursed Book of the Dead

Potions

n - a cursed potion of full healing

Rings

e - a blessed ring of conflict (on left hand)
g - a blessed ring of free action (on right hand)
P - a blessed ring of levitation

Wands

i - an uncursed wand of teleportation (0:3)
j - an uncursed wand of teleportation (0:8)
z - an uncursed wand of digging (0:3)
J - an uncursed wand of death (0:2)
Q - an uncursed wand of death (1:5)

Tools

b - a blessed bag of holding containing 63 items
c - an uncursed magic marker (1:26)
k - an uncursed skeleton key
p - the uncursed Bell of Opening (0:1)
s - a blessed oilskin sack named cancellation containing 3 items
t - a blessed blindfold
u - a blessed +0 unicorn horn named Lh;
x - the blessed Orb of Fate (0:3)
O - the uncursed Candelabrum of Invocation (7 of 7 candles, lit)

Contents of the bag of holding:

an uncursed amulet of flying
an uncursed amulet of life saving
an uncursed amulet of life saving
an uncursed -1 helm of opposite alignment
9 uncursed food rations
an uncursed lizard corpse named KFC
a blessed scroll of scare monster
an uncursed scroll of amnesia
14 blessed scrolls of blank paper
a blessed scroll of charging
2 uncursed scrolls of earth
4 uncursed scrolls of fire
2 blessed scrolls of genocide
4 blessed scrolls of gold detection
a blessed scroll of remove curse
8 uncursed scrolls of remove curse
an uncursed scroll of taming
an uncursed scroll of teleportation
12 potions of holy water
2 uncursed potions of water
3 potions of unholy water
an uncursed diluted potion of extra healing
4 blessed diluted potions of full healing
an uncursed diluted potion of full healing
an uncursed potion of levitation
a blessed potion of paralysis
2 uncursed potions of paralysis
2 uncursed potions of restore ability
an uncursed ring of conflict
an uncursed ring of conflict
an uncursed ring of conflict
an uncursed ring of free action
an uncursed ring of levitation
an uncursed ring of levitation
an uncursed ring of levitation
an uncursed ring of polymorph
an uncursed ring of polymorph control
an uncursed ring of polymorph control
a blessed ring of teleport control
an uncursed ring of teleport control
an uncursed wand of slow monster (0:5)
an uncursed wand of slow monster (0:8)
an uncursed wand of cold (0:6)
an uncursed wand of digging (0:2)
an uncursed wand of digging (0:0)
an uncursed wand of digging (0:7)
an uncursed wand of digging (0:6)
an uncursed wand of digging (0:7)
an uncursed wand of digging (0:7)
an uncursed wand of digging (0:4)
an uncursed wand of digging (0:7)
an uncursed wand of digging (0:6)
an uncursed wand of digging (0:4)
an uncursed wand of fire (0:5)
an uncursed wand of lightning (0:4)
an uncursed wand of lightning (0:5)
an uncursed wand of lightning (0:4)
an uncursed wand of polymorph (0:3)
an uncursed wand of secret door detection (0:10)
an uncursed wand of wishing (1:3)
an uncursed bugle
5 uncursed wax candles
an uncursed rustproof +0 pick-axe

Contents of the oilskin sack named cancellation:

an uncursed wand of cancellation (0:3)
an uncursed wand of cancellation (0:7)
an uncursed wand of cancellation (0:4)

Rustyspoon the Valkyrie's attributes:


Background:

You were a Warrior, a level 16 male human Valkyrie.
You were lawful, on a mission for Tyr
who was opposed by Odin (neutral) and Loki (chaotic).
You started out female.
You were in the endgame, on the Astral Plane.
You entered the dungeon 34686 turns ago.
You had 331965 experience points, 308035 more were needed to attain level 17.

Basics:

You had all 352 hit points.
You had all 34 energy points (spell power).
Your armor class was -38.
Your wallet was empty.
Autopickup was off.

Final Characteristics:

Your strength was 25 (base:18/50, innate limit:18/100).
Your dexterity was 17 (peak:18, limit:18).
Your constitution was 18 (limit:18).
Your intelligence was 10 (limit:18).
Your wisdom was 17 (limit:18).
Your charisma was 8 (limit:18).

Final Status:

You were satiated.
You were unencumbered.
You were wielding two weapons at once.
Your skill in long sword was limited by being skilled with two weapons.
Your two weapon skill was limited by being basic with saber.

Final Attributes:

You were piously aligned.
You were magic-protected.
You were fire resistant.
You were cold resistant.
You were sleep resistant.
You were disintegration-resistant.
You were shock resistant.
You were poison resistant.
You were level-drain resistant.
You saw invisible.
You were telepathic.
You were warned.
You had automatic searching.
You were invisible to others.
You were stealthy.
You caused conflict.
You had a moderate defense bonus (+8).
You were guarded.
You took half physical damage.
You took half spell damage.
You were very fast.
You had reflection.
You had free action.
You were extremely lucky.
You had extra luck.
Good luck did not time out for you.
You survived.

Miscellaneous:
You encountered 1 bones level.
Total elapsed playing time was 4 hours, 19 minutes and 36 seconds.

Major events:

Turn

1: rustyspoon the lawful human Valkyrie entered the dungeon
766: attained the rank of Skirmisher (level 3)
1431: entered the Gnomish Mines
2941: attained the rank of Fighter (level 6)
3366: reached Mine Town
5309: read a Discworld novel
5665: found Excalibur on the floor
7105: destroyed laycre's ghost, the former Bachelor
7293: entered Sokoban
7545: completed 1st Sokoban level
7838: entered the Bigroom
8246: completed 2nd Sokoban level
8781: completed 3rd Sokoban level
9992: attained the rank of Woman-at-arms (level 10)
10201: completed 4th Sokoban level
10379: acquired the Sokoban bag of holding
12212: made her first wish - "blessed greased +2 gray dragon scale mail", got "a greased gray dragon scale mail"
13860: acquired the Mines' End luckstone
20390: killed Medusa
22124: wished for "blessed amulet of reflection", got "an octagonal amulet"
22141: entered Gehennom
23477: was bestowed with Mjollnir by Tyr
25898: attained the rank of Warrior (level 14)
26447: found the Orb of Fate on the floor
26486: killed Lord Surtur
26488: acquired the Bell of Opening
27189: wished for "blessed greased +2 gauntlets of power", got "a greased pair of riding gloves"
27255: performed his first genocide (class h)
27487: bribed Asmodeus with 40 zorkmids for safe passage
28315: killed Juiblex
29569: killed the invisible Baalzebub
30385: destroyed Vlad the Impaler
30388: acquired the Candelabrum of Invocation
30749: killed Orcus
31365: wished for "blessed greased fixed +2 t-shirt", got "a greased T-shirt"
31768: genocided class L
32265: killed Yeenoghu
32812: killed the Wizard of Yendor
32818: acquired the Book of the Dead
32854: performed the invocation
32966: killed the Wizard of Yendor (2nd time)
32972: killed the high priest of Moloch
32986: acquired The Amulet of Yendor
34299: entered the Elemental Planes
34299: entered Plane of Earth
34300: killed the Wizard of Yendor (3rd time)
34388: entered Plane of Air
34430: entered Plane of Fire
34469: entered Plane of Water
34474: genocided class ;
34652: entered the Astral Plane
34656: found Frost Brand carried by a monster
34661: killed Pestilence
34683: found Demonbane carried by a monster
34685: killed the high priestess of Tyr (2nd time)
34686: ascended

Vanquished creatures:

Baalzebub
Orcus
Yeenoghu
Juiblex
the Wizard of Yendor (thrice)
Pestilence
Vlad the Impaler
2 high clerics
3 mastodons
Medusa
14 krakens
2 iron golems
2 storm giants
a glass golem
a balrog
2 purple worms
2 gray dragons
4 gold dragons
4 red dragons
an orange dragon
2 black dragons
4 blue dragons
2 yellow dragons
10 minotaurs
a jabberwock
Lord Surtur
a baluchitherium
5 demiliches
a stone golem
a master mind flayer
8 Olog-hai
a Nazgul
2 pit fiends
a sandestin
2 hell hounds
3 displacer beasts
4 titanotheres
2 trappers
a guardian naga
a genetic engineer
a disenchanter
22 vampire leaders
3 skeletons
11 aligned clerics
4 captains
6 shades
4 liches
2 clay golems
2 nurses
an ice devil
3 nalfeshnees
2 lurkers above
a frost giant
2 ettins
2 black puddings
18 vampires
5 lieutenants
29 ghosts
2 queen bees
3 winged gargoyles
a mind flayer
5 giant mimics
5 long worms
5 zruties
29 fire giants
4 ogre tyrants
2 ice trolls
a rock troll
8 umber hulks
6 elven monarchs
2 doppelgangers
6 hezrous
4 bone devils
4 large mimics
a wumpus
a fire vortex
a baby purple worm
a couatl
7 stalkers
an air elemental
3 fire elementals
4 earth elementals
12 water elementals
a hill giant
a giant mummy
a black naga
4 xorns
12 giant zombies
6 elf-nobles
8 sergeants
4 barbed devils
3 vrocks
2 salamanders
6 wargs
a winter wolf
10 hell hound pups
9 small mimics
3 glass piercers
3 warhorses
5 steam vortices
3 xans
7 ettin mummies
2 ogre leaders
6 quantum mechanics
6 trolls
a wood golem
3 erinyes
3 mariliths
8 sharks
8 electric eels
6 gelatinous cubes
3 pyrolisks
3 large dogs
5 freezing spheres
5 flaming spheres
4 shocking spheres
4 large cats
4 tigers
4 gargoyles
a tengu
4 ochre jellies
6 leocrottas
an energy vortex
8 mountain centaurs
3 stone giants
3 elf mummies
7 human mummies
4 red nagas
3 green slimes
3 pythons
2 pit vipers
2 cobras
45 wraiths
4 carnivorous apes
10 ettin zombies
2 leather golems
8 Grey-elves
46 soldiers
3 amorous demons
6 horned devils
3 chameleons
2 crocodiles
10 giant beetles
7 quivering blobs
8 cockatrices
5 wolves
6 winter wolf cubs
4 lynxes
2 panthers
3 gremlins
a spotted jelly
21 leprechauns
4 orc-captains
2 iron piercers
a mumak
14 giant spiders
3 scorpions
10 horses
an ice vortex
3 black lights
8 vampire bats
5 forest centaurs
4 gnome rulers
3 orc mummies
4 dwarf mummies
4 ogres
5 brown puddings
14 rust monsters
12 owlbears
7 yetis
2 gold golems
6 Green-elves
6 piranha
17 giant eels
17 lizards
a dingo
2 dogs
7 jaguars
3 dwarf leaders
4 blue jellies
a white unicorn
5 gray unicorns
a black unicorn
5 dust vortices
24 ravens
a plains centaur
2 gnome mummies
4 snakes
7 apes
16 human zombies
4 rope golems
18 soldier ants
45 fire ants
17 bugbears
9 lemures
5 quasits
6 wood nymphs
5 mountain nymphs
2 orc shamans
7 rock piercers
5 rock moles
5 ponies
2 fog clouds
6 yellow lights
4 shriekers
3 violet fungi
21 gnome leaders
7 gnomish wizards
2 kobold mummies
3 gray oozes
a barrow wight
22 elf zombies
12 ghouls
2 straw golems
2 paper golems
6 jellyfish
a baby crocodile
19 giant ants
14 floating eyes
a kitten
7 dwarves
6 homunculi
6 kobold shamans
18 hill orcs
22 rothes
2 rabid rats
a centipede
3 giant bats
a monkey
12 orc zombies
14 dwarf zombies
a wererat
6 iguanas
21 killer bees
3 coyotes
2 gas spores
8 hobbits
5 manes
3 large kobolds
14 hobgoblins
13 giant rats
4 cave spiders
5 yellow molds
2 green molds
3 red molds
61 gnomes
22 garter snakes
12 gnome zombies
11 geckos
18 jackals
a fox
6 kobolds
9 goblins
2 sewer rats
9 grid bugs
4 bats
8 lichens
12 kobold zombies
9 newts
1601 creatures vanquished.

Genocided or extinct species:

hobbits
dwarves
bugbears
dwarf leaders
dwarf rulers
mind flayers
master mind flayers
liches
demiliches
master liches
arch-liches
erinyes (extinct)
jellyfish
piranha
sharks
giant eels
electric eels
krakens
17 species genocided.
1 species extinct.

Voluntary challenges:

You read items or engraved 106 times.
You never engraved Elbereth.
You genocided 17 types of monsters.
You never changed form.
You used 4 wishes.
You did not wish for any artifacts.
You did not violate any of the special Sokoban rules.

Achievements:

You attained the rank of Skirmisher.
You entered the Gnomish Mines.
You attained the rank of Fighter.
You entered Minetown.
You entered a shop.
You entered a temple.
You read from a Discworld novel.
You entered Sokoban.
You entered the Big Room.
You attained the rank of Woman-at-arms.
You completed Sokoban.
You completed the Gnomish Mines.
You defeated Medusa.
You entered Gehennom.
You attained the rank of Warrior.
You had the Bell of Opening.
You had the Candelabrum of Invocation.
You had the Book of the Dead.
You gained access to Moloch's Sanctum.
You reached the Elemental Planes.
You reached the Astral Plane.
You delivered the Amulet of Yendor.
You ascended!

The Elemental Planes:

   Astral Plane: <- You are here.
A temple to Tyr.
Plane of Water:
Plane of Fire:
Plane of Air:
Plane of Earth:

The Dungeons of Doom: levels 1 to 27

   Level 1:
A sink.
One way stairs up to The Elemental Planes.
Level 2: "vault"
A fountain.
Level 3:
Stairs down to The Gnomish Mines.
Level 4:
A general store.
Level 5:
Level 6:
A fountain, a sink.
Level 7: "stash chest"
Some fountains.
Level 8:
Final resting place for
laycre-Kni-Hum-Fem-Law, killed by a gray unicorn.
Level 9:
Many fountains.
Oracle of Delphi.
Level 10: "vault"
Some fountains.
Stairs up to Sokoban, level 9.
Level 11:
A very big room.
Level 12:
A fountain.
Level 13:
A fountain.
Level 14:
A fountain, a sink.
Level 15:
A fountain.
Portal to The Quest.
Level 16:
Level 17: "backup BoH in chest by <"
An altar to Tyr, a fountain, a grave.
Level 18:
A primitive area.
Level 19:
Level 20:
Level 21:
Level 22: "backup sack >"
Level 23:
Level 24:
A fountain.
Level 25:
Many trees.
Level 26:
Level 27:
A fountain.
The castle.
Connection to Gehennom.

Gehennom: levels 28 to 50

   Level 28:
A temple, many graves.
Valley of the Dead.
Level 29:
Level 30:
Level 31:
Level 32:
Level 33:
Level 34:
Level 35:
Level 36:
Level 37:
Stairs up to Vlad's Tower, level 36.
Level 38:
Level 39:
Level 40:
Level 41:
Level 42:
An untended shop, an altar.
Level 43:
Level 44:
Level 45:
Level 46:
Level 47:
Level 48:
Level 49:
Level 50:
A temple, many graves.
Moloch's Sanctum.

The Gnomish Mines: levels 4 to 12

   Level 4:
Level 5: "sell stash >"
Level 6:
Level 7:
Many shops, a temple, many fountains.
Level 8:
Level 9:
Level 10:
Level 11:
Level 12:
Some fountains.

The Quest: levels 1 to 5

   Level 1:
A fountain.
Completed quest for the Norn.
Level 2:
Level 3:
Level 4:
Level 5:

Sokoban: levels 9 up to 6

   Level 6: "coaligned uni in zoo"
Solved.
Level 7:
Solved.
Level 8: "flaming sphere next level"
Solved.
Level 9: "stash 0"
Solved.

Vlad's Tower: levels 36 up to 34

   Level 34:
Level 35:
Level 36:

Farvel rustyspoon the Demigod...


You went to your reward with 1763968 points,
Excalibur (worth 4000 zorkmids and 10000 points)
The Book of the Dead (worth 10000 zorkmids and 25000 points)
The Bell of Opening (worth 5000 zorkmids and 12500 points)
The Orb of Fate (worth 3500 zorkmids and 8750 points)
The Candelabrum of Invocation (worth 5000 zorkmids and 12500 points)
and 0 pieces of gold, after 34686 moves.
You were level 16 with a maximum of 352 hit points when you ascended.